 Dungeon Crawl Stone Soup version 0.27-a0-1529-g1e82c303ef (webtiles) character file.

Game seed: 11944484555439675192

48 tsouns the Magician (level 3, -3/16 HPs)
             Began as a Spriggan Air Elementalist on July 12, 2021.
             Was a Believer of Cheibriados.
             Slain by a gnoll (11 damage)
             ... on level 2 of the Dungeon.
             The game lasted 00:02:52 (2122 turns).

tsouns the Magician (Spriggan Air Elementalist)     Turns: 2122, Time: 00:02:53

Health: -3/16      AC:  2    Str:  8    XL:     3   Next: 50%
Magic:  3/9        EV: 17    Int: 21    God:    Cheibriados [**....]
Gold:   35         SH:  0    Dex: 19    Spells: 7/10 levels left

rFire    . . .     SeeInvis +   d - +0 hand axe
rCold    . . .     Faith    .   (shield restricted)
rNeg     . . .     Spirit   .   a - +0 robe
rPois    .         Reflect  .   (helmet restricted)
rElec    .         Harm     .   (no cloak)
rCorr    .         Rampage  .   (gloves unavailable)
Will     .....                  (boots unavailable)
Stlth    +++.......             (no amulet)
HPRegen  0.05/turn              (no ring)
MPRegen  0.11/turn              (no ring)

@: very slightly contaminated, slow
A: very small, no large weapons, unfitting armour, see invisible, speed 3
a: Renounce Religion, Bend Time


You were on level 2 of the Dungeon.
You worshipped Cheibriados.
Cheibriados was pleased with you.
You visited 1 branch of the dungeon, and saw 2 of its levels.

You collected 35 gold pieces.

Inventory:

Hand Weapons
 d - a +0 hand axe (weapon)
Armour
 a - a +0 robe (worn)
Scrolls
 g - a scroll of fear
 i - a scroll of brand weapon {unknown}
Potions
 b - a potion of haste
 c - 3 potions of heal wounds {unknown}
 e - 2 potions of mutation {unknown}
 f - 2 potions of curing {unknown}
 h - a potion of lignification {unknown}
 j - a potion of degeneration {unknown}


   Skills:
 - Level 2.6 Dodging
 - Level 3.0 Stealth
 * Level 4.0 Spellcasting
 - Level 1.2 Conjurations
 + Level 3.1 Air Magic


You had 7 spell levels left.
You knew the following spells:

 Your Spells              Type           Power      Damage    Failure   Level
a - Shock                 Conj/Air       52%        1d6       4%          1
b - Static Discharge      Conj/Air       13%        N/A       8%          2

Your spell library contained the following spells:

 Spells                   Type           Power      Damage    Failure   Level
 Swiftness                Air            17%        N/A       10%         3
 Airstrike                Air            8%         N/A       32%         4


Dungeon Overview and Level Annotations

Branches:
Dungeon (2/15)

Altars:
Cheibriados

Shops:
D:2 (


Innate Abilities, Weirdness & Mutations

You are very small and have problems with some larger weapons.
You are too small for most types of armour.
You have supernaturally acute eyesight. (SInv)
You cover ground extremely quickly. (Speed+++)


Message History

The zap hits the gnoll.
The gnoll is heavily wounded.
You hear a shout!
The gnoll closely misses you.
A gnoll comes into view. It is wielding a +0 flail.
Casting: Shock (safe; 4% risk of failure)
Confirm with . or Enter, or press ? or * to list all spells.
Aiming: Shock (safe; 4% risk of failure)
Press: ? - help, Shift-Dir - straight line The zap hits the gnoll.
The gnoll is severely wounded.
The zap hits the gnoll.
The gnoll is moderately wounded.
The zap hits the gnoll.
The gnoll is heavily wounded.
The gnoll misses you.
Unknown command.
Casting: Shock (safe; 4% risk of failure)
Confirm with . or Enter, or press ? or * to list all spells.
Aiming: Shock (safe; 4% risk of failure)
Press: ? - help, Shift-Dir - straight line The zap hits the gnoll but does no damage.
The gnoll is severely wounded.
The zap hits the gnoll.
The gnoll is almost dead.
The gnoll hits you with a +0 flail!
Ouch! That really hurt!
Casting: Shock (safe; 4% risk of failure)
Confirm with . or Enter, or press ? or * to list all spells.
Aiming: Shock (safe; 4% risk of failure)
Press: ? - help, Shift-Dir - straight line The zap hits the gnoll.
The gnoll is severely wounded.
The zap hits the gnoll.
The gnoll is almost dead.
The zap hits the gnoll.
You kill the gnoll!
The gnoll hits you with a +0 flail!
Ouch! That really hurt!
You die...

#.....####.#.#.#######...
#.....###.###..#.....÷...
#........#...#...........
#.....##.......#.........
#.....##.........#####...
########.....##..### #...
#.....##....# #...
####.....∩...# #.(.
#.@.......#### #...
#g######..######... #)
###..##....... ..
#.......#####. ###
#.#####.# #. #.##....# #.
#.##.##.# #.
#.##.##.#####.
#.............


You could see a gnoll.

Vanquished Creatures
  A gnoll (D:2)
  An adder (D:2)
  4 ball pythons
  3 bats
  An endoplasm (D:1)
  4 giant cockroaches
  A goblin (D:1)
  3 hobgoblins (D:1)
  4 jackals (D:2)
  2 quokkas (D:1)
  5 frilled lizards
  5 kobolds
  4 rats
38 creatures vanquished.

Vanquished Creatures (others)
  4 plants (D:1)
  A withered plant (D:1)
5 creatures vanquished.

Grand Total: 43 creatures vanquished

Notes
Turn   | Place    | Note
-------+----------+-------------------------------------------
     0 | D:1      | tsouns the Spriggan Air Elementalist began the quest for
                  | the Orb.
     0 | D:1      | Reached XP level 1. HP: 9/9 MP: 5/5
    68 | D:1      | Found a faded altar of an unknown god.
    80 | D:1      | Became a worshipper of Cheibriados the Contemplative
    80 | D:1      | Reached * piety under Cheibriados
   216 | D:1      | Reached skill level 3 in Spellcasting
   315 | D:1      | Reached XP level 2. HP: 13/13 MP: 1/7
   318 | D:1      | Learned a level 2 spell: Static Discharge
   479 | D:1      | Reached skill level 1 in Conjurations
  1469 | D:2      | Reached XP level 3. HP: 16/16 MP: 5/9
  1571 | D:2      | Found Xycoj's Antique Weapon Shoppe.
  1644 | D:2      | Reached ** piety under Cheibriados
  1804 | D:2      | Reached skill level 4 in Spellcasting
  2122 | D:2      | Slain by a gnoll

Illustrated notes

Levels and vault maps discovered:
D:1:      saegor_arrival_simple_b, layout_loops_ring, serial_co_window_serial,
          co_window_corner_a, co_window_paths_a, co_window_paths_a,
          co_window_paths_a, co_window_paths_a, co_window_paths_a,
          co_window_paths_a, co_window_broadway_a, co_window_paths_c,
          co_window_2corner, co_window_corner_ca, co_window_corner_ca,
          glass_columns_c, glass_columns_c, glass_columns_a, glass_columns_b,
          glass_columns_a, shapermc_ecumenical_altar_flowoftime
D:2:      layout_loops_cross, serial_shops, nicolae_square_shop

Skill      XL: |  1  2  3 |
---------------+----------+-----
Spellcasting   | 3 4 |  4.0
Conjurations   | 1 |  1.2
Air Magic      | 3 |  3.1
Dodging        | |  2.6
Stealth        | |  3.0

Action                   || total
-------------------------++-------
Melee: Unarmed           ||     3
 Cast: Shock             ||    80
  Use: Scroll            ||     3
Armor: Robe              ||     2
Dodge: Dodged            ||    15

Table legend: (Time is in decaauts)
 A = Elapsed time spent in this place.
 B = Non-inter-level travel time spent in this place.
 C = Inter-level travel time spent in this place.
 D = Time resting spent in this place.
 E = Time spent auto-exploring this place.
 F = Levels seen in this place.
 G = Mean time per level.
                   A        B        C        D        E       F      G
               +--------+--------+--------+--------+--------+-----+--------+
         Total |   2125 |   2109 |     16 |      0 |   1914 |   2 | 1062.5 |
       Dungeon |   2125 |   2109 |     16 |      0 |   1914 |   2 | 1062.5 |
               +--------+--------+--------+--------+--------+-----+--------+

Top non-repeatable levels by time:
     D:1: 1245 daAuts
     D:2: 880 daAuts
